 BcadrenCrawl: Boulder Brew version 0.04.21-209-g19e16bb646 (webtiles) character file.

Game seed: 13074915941158854595, levelgen mode: deterministic

4770 st0uf the Grappler (level 10, -3/84 HPs) Green Draconian Demonspawn. Began on May 25, 2021. Was a Believer of Okawaru. Killed from afar by an electric eel (6 damage) ... with a bolt of electricity ... on level 5 of the Dungeon. The game lasted 00:20:09 (4249 turns).

st0uf the Grappler (Green Draconian Demonspawn)     Turns: 4249, Time: 00:20:10

Health: -3/84      AC: 16    Str: 17    XL:     10 ^: 4157
Magic:  20/20      EV: 14    Int: 16    God:    Okawaru [2* [69]]
Gold:   279        SH:  0    Dex: 15    Spells: 21/22 levels left

rFire    . . .     Vision   .     - Unarmed
rCold    + . .     Gourm    .     - Unarmed
rNeg     . . .     Faith    .   (no armour)
rPois    +         Spirit   .   (helmet restricted)
rElec    .         Reflect  .   v - +0 cloak {+Inv}
rCorr    .         Harm     .   e - +1 pair of gloves
MR       .....     Clarity  +   (no boots)
Stlth    +++.......             (no amulet)
HPRegen  0.38/turn              j - ring of protection
MPRegen  0.30/turn              q - ring of dexterity

@: short of breath, studying Ice Magic
A: claws 1, clarity, cold resistance 1, demonic guardian 1, nightstalker 1,
cold-blooded, boosted slings aptitude, poison enhancer 1, rPois, AC +8
a: Breathe Noxious Fumes, Heroism, Renounce Religion, Evoke Invisibility


You were on level 5 of the Dungeon.
You worshipped Okawaru.
Okawaru was pleased with you.
You were hungry.

You visited 2 branches of the dungeon, and saw 6 of its levels.

You collected 279 gold pieces.

Inventory:

Shields
 a - a +0 heater shield
Armour
 e - a +1 pair of gloves (worn)
 v - a +0 cloak of invisibility (worn)
Jewellery
 f - a cursed amulet of rage {(Curse: Fragile)}
 j - a ring of protection (left hand)
 k - an uncursed ring of fire
 q - a ring of dexterity (right hand)
 r - a cursed ring of protection from magic {(Curse: rF-)}
Wands
 o - a wand of enslavement (6)
 t - a wand of hasting (6)
 u - a wand of iceblast (1)
Scrolls
 g - 3 scrolls of summoning
 h - 2 scrolls of silence
 i - 4 scrolls of teleportation
 n - 2 scrolls of enchantment
 p - a scroll of fog
 s - a scroll of immolation
Potions
 b - 3 potions of invisibility
 l - 3 potions of curing
 m - a potion of ambrosia
Comestibles
 c - 10 rations
 d - a chunk of flesh


   Skills:
 * Level 6.5 Fighting
 + Level 4.1 Dodging
 - Level 2.0 Stealth
 + Level 9.3 Unarmed Combat
 * Level 6.8 Spellcasting
 - Level 1.5 Fire Magic
 * Level 6.0 Invocations


You had 21 spell levels left.
You knew the following spells:

 Your Spells              Type           Power        Failure   Level  Hunger
a - Flame Tongue          Fire           10 (30)      7%          1    None

Your spell library contained the following spells:

 Spells                   Type           Power        Failure   Level  Hunger
 Blink                    Tloc           N/A          19%         2    None
 Call Imp                 Summ           5 (100)      19%         2    None
 Slow                     Hex            5 (100)      19%         2    None
 Conjure Flame            Fire           10 (100)     21%         3    ##.....
 Ignite Poison            Fire/Tmut      7 (100)      28%         3    ##.....
 Mephitic Cloud           Pois/Air       8 (100)      36%         3    ##.....
 Fireball                 Fire           10 (200)     88%         5    #####..
 Bolt of Fire             Fire           10 (200)     100%        6    #######
 Ring of Flames           Chrm/Fire      7 (200)      100%        6    #######
 Starburst                Fire           10 (200)     100%        6    #######
 Ignition                 Fire           10 (200)     100%        8    #######


Dungeon Overview and Level Annotations

Branches:
Dungeon (5/8)              Temple (1/1) D:4
   Lair: D:5

Altars:
Cheibriados
Dithmenos
Elyvilon
Fedhas Madash
Kikubaaqudgha
Makhleb
Okawaru
Ru
Sif Muna
Trog
Uskayaw
Vehumet
Wu Jian
Xom
Yredelemnul
Zin
The Shining One

Annotations:
D:3 2 transporters, exclusion: door, diana's ghost, novice DrDg
D:4 exclusion: 3 oklob plants


Innate Abilities, Weirdness & Mutations

Your lurid green scales are resilient. (AC +8)
You can breathe clouds of noxious fumes.
You are cold resistant. (rC+)
A weak demonic guardian rushes to your aid.
You are cold-blooded and are slowed more easily by cold attacks.
You are naturally skilled at Slings (Aptitude +3).
You are in touch with the powers of venom.
Your lurid green scales grant you resistance to poison. (rPois)
You have sharp fingernails. (+3 Unarmed)
You possess an exceptional clarity of mind.
You are slightly more attuned to the shadows.


Message History

* * * LOW HITPOINT WARNING * * *
Unknown command.
The wolf blocks your attack.
You pummel the wolf (18)!!
The wolf is almost dead. (4/22) HP The wolf bites you (3).
* * * LOW HITPOINT WARNING * * *
Something bites your quasit but does no damage.
Unknown command.
You punch the wolf (11)!
You kill the wolf!
Okawaru accepts your kill.
The boulder beetle is engulfed in noxious fumes (2).
Unknown command.
You swap places.
The electric eel shoots out a bolt of lightning at you!
The bolt of electricity hits the steam dragon (8)!
The bolt of electricity hits you (2).
* * * LOW HITPOINT WARNING * * *
The bolt of electricity hits you (6).
You die...

≈≈≈≈≈≈≈h≈≈≈..
..≈F≈≈≈≈≈≈≈...
...≈≈≈≈≈.≈≈≈≈...
...h.≈.≈≈....≈.. # .
..○☼○☼≈.;.≈....#
#.#.##. ..○○○;........#
#.#.#.. ...○○.........#
#...#..
.###☼##Dh...######..#..
#.5@)..#............
######...# #.....
........#### #...).
.....].....####>....
####.......†.)......
....##.##†#####....
#### #..........###
############


You could see a steam dragon, a hound, an electric eel and a friendly quasit.

Vanquished Creatures
  Psyche (D:4)
  3 water moccasins (D:2)
  A scorpion (D:3)
  2 orc warriors
  2 porcupines
  A redback zombie (D:4)
  An ice beast (D:4)
  A sky beast (D:5)
  2 eyes of draining (D:5)
  5 ogres
  4 wolves (D:5)
  A crocodile (D:2)
  4 big kobolds (D:2)
  8 bullfrogs
  A centaur (D:5)
  5 wights (D:4)
  An electric eel (D:5)
  A crimson imp (D:4)
  4 orc priests
  4 hounds
  7 jellies (D:2)
  7 orc wizards
  3 iguanas
  A wyvern zombie (D:4)
  6 worker ants
  A wyvern skeleton (D:4)
  9 giant cockroaches
  A bullfrog zombie (D:4)
  5 bullfrog skeletons
  2 shadow imps
  4 adders
  4 gnolls (D:3)
  5 sewer rats (D:2)
  8 cinder newts
  3 worms (D:2)
  A worker ant zombie (D:5)
  A howler monkey skeleton (D:3)
  2 dart slugs (D:1)
  2 leopard geckos
  28 orcs
  An adder skeleton (D:2)
  A cinder newt skeleton (D:2)
  10 goblins (D:1)
  3 hobgoblins (D:1)
  2 jackals (D:3)
  4 quokkas (D:4)
  4 ball pythons
  5 bats
  A bat skeleton (D:2)
  A jackal skeleton (D:2)
  17 kobolds
  3 rats (D:1)
  A rat skeleton (D:2)
  A butterfly (D:5)
  2 withered plants (D:2)
208 creatures vanquished.

Vanquished Creatures (others)
  A giant cockroach (D:2)
  A ball python (D:2)
  3 kobolds (D:2)
  An orc skeleton (D:2)
  A giant blowfly (D:2)
  109 withered plants (D:2)
116 creatures vanquished.

Grand Total: 324 creatures vanquished

Notes
Turn   | Place    | Note
-------+----------+-------------------------------------------
     0 | D:1      | st0uf the Immature Draconian Demonspawn began the quest for
                  | the Orb.
     0 | D:1      | Reached XP level 1. HP: 16/16 MP: 3/3
    28 | D:1      | Gained mutation: You are cold resistant. (rC+) [demonic
                  | ancestry]
    28 | D:1      | Reached XP level 2. HP: 19/23 MP: 4/4
    35 | D:1      | Reached skill level 2 in Unarmed Combat
    35 | D:1      | Reached XP level 3. HP: 25/29 MP: 4/6
   227 | D:1      | Reached XP level 4. HP: 36/36 MP: 7/7
   739 | D:2      | Noticed a water moccasin
   754 | D:2      | Killed a water moccasin
   754 | D:2      | Reached skill level 3 in Unarmed Combat
   754 | D:2      | Reached XP level 5. HP: 29/45 MP: 7/9
   865 | D:2      | Noticed a water moccasin
   917 | D:2      | Killed a water moccasin
   917 | D:2      | Reached XP level 6. HP: 33/51 MP: 10/10
  1159 | D:2      | Reached skill level 4 in Unarmed Combat
  1200 | D:2      | Your scales start taking on a lurid green colour.
  1200 | D:2      | Reached XP level 7. HP: 47/57 MP: 12/12
  1200 | D:2      | Gained mutation: Your lurid green scales grant you
                  | resistance to poison. (rPois) [Green Draconian growth]
  1200 | D:2      | Gained mutation: You are in touch with the powers of venom.
                  | [Green Draconian growth]
  1428 | D:2      | Reached skill level 5 in Unarmed Combat
  1689 | D:2      | Reached XP level 8. HP: 67/67 MP: 14/14
  2165 | D:3      | Reached skill level 6 in Unarmed Combat
  2268 | D:3      | Found a transporter.
  2270 | D:3      | Noticed a moth of wrath
  2275 | D:3      | Noticed diana's ghost (novice DrDg)
  2277 | D:3      | Found a bloodstained altar of Trog.
  2285 | D:3      | Found a transporter.
  2289 | D:3      | Noticed a troll
  2435 | D:3      | Reached skill level 5 in Fighting
  2435 | D:3      | Reached skill level 5 in Spellcasting
  2504 | D:3      | Gained mutation: You are slightly more attuned to the
                  | shadows. [potion of mutation]
  2504 | D:3      | Gained mutation: You have sharp fingernails. (+3 Unarmed)
                  | [potion of mutation]
  2504 | D:3      | Gained mutation: You possess an exceptional clarity of
                  | mind. [potion of mutation]
  2714 | D:3      | Reached skill level 7 in Unarmed Combat
  2743 | D:3      | Noticed a moth of wrath
  2746 | D:3      | Found a bloodstained altar of Trog.
  3148 | D:4      | Reached XP level 9. HP: 58/74 MP: 17/17
  3246 | D:4      | Found a staircase to the Ecumenical Temple.
  3267 | Temple   | Entered the Ecumenical Temple
  3435 | Temple   | Became a worshipper of Warmaster Okawaru
  3694 | D:4      | Reached skill level 8 in Unarmed Combat
  3754 | D:4      | Noticed an oklob plant
  3766 | D:4      | Noticed an oklob plant
  3772 | D:4      | Reached * piety under Okawaru
  3772 | D:4      | Received a gift from Okawaru
  3773 | D:4      | Noticed Psyche
  3782 | D:4      | Killed Psyche
  3810 | D:4      | Noticed an oklob plant
  3885 | D:4      | Reached skill level 5 in Invocations
  4094 | D:5      | Entered Level 5 of the Dungeon
  4173 | D:5      | Reached ** piety under Okawaru
  4179 | D:5      | Gained mutation: You are naturally skilled at Slings
                  | (Aptitude +3). [draconic bloodline]
  4179 | D:5      | Gained mutation: A weak demonic guardian rushes to your
                  | aid. [demonic ancestry]
  4179 | D:5      | Reached XP level 10. HP: 81/84 MP: 19/19
  4189 | D:5      | Reached skill level 9 in Unarmed Combat
  4244 | D:5      | Noticed a boulder beetle
  4247 | D:5      | HP: 4/84 [wolf (3)]
  4249 | D:5      | Killed from afar by an electric eel

Levels and vault maps discovered:
D:1:      lemuel_arrival_behind_the_door_small, layout_rooms, first_ration
D:2:      layout_sewer, minmay_tromino_i2
D:3:      layout_loops_corners, tgw_trog, gammafunk_ghost_wrathful_warriors
D:4:      layout_cave_pools, minmay_temple_entry_drinking_statues,
          disabler_island, uniq_psyche
D:5:      layout_loops_ring, erik_lair_island, the_bakery
Temple:   eino_temple_scatter_basement

Skill      XL: |  1  2  3  4  5  6  7  8  9 10 |
---------------+-------------------------------+-----
Unarmed Combat | 2 3 4 5 7 8 9 |  9.3
Spellcasting   | 2 3 4 5 6 |  6.8
Fighting       | 2 3 4 5 6 |  6.5
Dodging        | 3 4 |  4.1
Stealth        | 2 |  2.0
Invocations    | 5 6 |  6.0
Fire Magic     | |  1.5

Action                   |  1- 3 |  4- 6 |  7- 9 | 10-12 || total
-------------------------+-------+-------+-------+-------++-------
Melee: Unarmed           |    82 |   261 |   540 |    48 ||   931
       Tailslap          |     1 |     7 |    27 |     3 ||    38
 Abil: Breathe Noxious F |       |       |     1 |     1 ||     2
  Use: Potion            |       |       |     1 |       ||     1
 Stab: Sleeping          |     1 |     1 |    10 |       ||    12
       Confused          |       |       |     1 |       ||     1
  Eat: Chunk             |       |     1 |    11 |       ||    12
Armor: Skin              |    12 |    21 |    49 |     5 ||    87
Dodge: Dodged            |    20 |    38 |   127 |    12 ||   197
